 Dungeon Crawl Stone Soup version 0.26-a0-466-g989023bd0d (webtiles) character file.

Game seed: 13665396231875003058

5 vurker the Chiller (level 1, -1/11 HPs)
             Began as an Octopode Ice Elementalist on Aug 8, 2020.
             Slain by a leopard gecko (2 damage)
             ... on level 1 of the Dungeon.
             The game lasted 00:00:26 (228 turns).

vurker the Chiller (Octopode Ice Elementalist)       Turns: 228, Time: 00:00:26

Health: -1/11      AC:  1    Str:  7    XL:     1   Next: 80%
Magic:  0/3        EV: 13    Int: 17    God:
Gold:   12         SH:  0    Dex: 12    Spells: 3/4 levels left

rFire    . . .     SeeInvis .   (no weapon)
rCold    . . .     Faith    .   (no shield)
rNeg     . . .     Spirit   .   (helmet restricted)
rPois    .         Reflect  .   (no amulet)
rElec    .         Harm     .   (no ring)
rCorr    .                      (no ring)
MR       .....                  (no ring)
Stlth    +++.......             (no ring)
HPRegen  0.03/turn              (no ring)
MPRegen  0.08/turn              (no ring)
                                (no ring)
                                (no ring)

@: no status effects
A: almost no armour, stealthy swim, amphibious, 8 rings, constrict 8, camouflage
1, gelatinous body 1
a: no special abilities


You were on level 1 of the Dungeon.
You visited 1 branch of the dungeon, and saw 1 of its levels.

You collected 12 gold pieces.

Inventory:

Potions
 a - a potion of degeneration {unknown}


   Skills:
 + Level 0.3 Fighting
 - Level 2.0 Dodging
 - Level 2.6 Stealth
 * Level 2.1 Spellcasting
 * Level 4.1 Ice Magic


You had 3 spell levels left.
You knew the following spells:

 Your Spells              Type           Power        Failure   Level
a - Freeze                Ice            ###.         3%          1

Your spell library contained the following spells:

 Spells                   Type           Power        Failure   Level
 Frozen Ramparts          Ice            ###...       11%         3
 Ozocubu's Armour         Ice            ###.....     11%         3
 Hailstorm                Conj/Ice       #.......     63%         4
 Summon Ice Beast         Ice/Summ       #.......     63%         4


Dungeon Overview and Level Annotations

Branches:
Dungeon (1/15)

Altars:


Innate Abilities, Weirdness & Mutations

You cannot wear most types of armour.
You are very stealthy in the water. (Stealth+)
You are amphibious.
You can wear up to eight rings at the same time.
You can use your tentacles to constrict eight enemies at once.
Your skin changes colour to match your surroundings (Stealth+).
Your rubbery body absorbs attacks. (AC +1, EV +1)


Message History

A bat is nearby!
Found a lumpy amethyst potion.
The bat hits you.
You closely miss the bat. Your grab misses the bat. The bat barely misses you.
The bat misses you.
You tentacle-slap the bat. Your grab misses the bat.
Your squeeze misses the bat. The bat misses you.
You completely miss the bat. Your grab misses the bat. You squeeze the bat.
You kill the bat!
You can't see any susceptible monsters within range! (Use Z to cast anyway.)
A goblin comes into view. It is wielding a +0 dagger.
A goblin is nearby!
A goblin is nearby!
A hobgoblin comes into view. It is wielding a +0 club.
A hobgoblin comes into view. It is wielding a +0 club.
The hobgoblin shouts!
The goblin shouts!
A rat comes into view.
You see here a lumpy amethyst potion.
You closely miss the goblin.
The hobgoblin shouts!
You grab the goblin. You squeeze the goblin.
You kill the goblin!
You hear an angry hiss.
A leopard gecko comes into view.
The hobgoblin hits you with a +0 club!
Ouch! That really hurt!
* * * LOW HITPOINT WARNING * * *
The rat completely misses you.
Things that are here:
a +0 dagger; a goblin corpse The hobgoblin hits you with a +0 club.
* * * LOW HITPOINT WARNING * * *
The rat barely misses you. The hobgoblin misses you.
The leopard gecko hisses menacingly.
The hobgoblin closely misses you.
Aim: a hobgoblin, wielding a +0 club You freeze the hobgoblin.
The hobgoblin misses you.
Aim: a hobgoblin, wielding a +0 club (moderately wounded)
You freeze the hobgoblin!
You kill the hobgoblin!
Aim: a rat You freeze the rat.
The rat bites you but does no damage.
You don't have enough magic to cast that spell.
You tentacle-slap the rat.
You kill the rat!
The leopard gecko hisses menacingly.
You barely miss the leopard gecko. You grab the leopard gecko.
You constrict the leopard gecko. The leopard gecko barely misses you.
The leopard gecko bites you.
You die...

#.## #...............# #.
#........)......# .# #.
#...............# .#### #.
#...............# ....#
####.#####..g............#
....##........###.............##
.##.#..........###.....#....[##
.#..............##.###########
................@lg#
#....#..........####
....##..........#
#..###..........#
#.#####........##
#...............#
#.##......†.....#
..####....†.....# ..#
#.............


You could see a leopard gecko and a hobgoblin.

Vanquished Creatures
  A goblin (D:1)
  A hobgoblin (D:1)
  2 bats (D:1)
  A frilled lizard (D:1)
  A rat (D:1)
6 creatures vanquished.

Notes
Turn   | Place    | Note
-------+----------+-------------------------------------------
     0 | D:1      | vurker the Octopode Ice Elementalist began the quest for
                  | the Orb.
     0 | D:1      | Reached XP level 1. HP: 11/11 MP: 3/3
     0 | D:1      | Noticed a large abomination
     0 | D:1      | Noticed a tentacled monstrosity
     1 | D:1      | Noticed a white draconian
     3 | D:1      | Noticed a tentacled monstrosity
     3 | D:1      | Noticed an iron dragon
     5 | D:1      | Noticed an ice dragon
     6 | D:1      | Noticed an ice dragon
     7 | D:1      | Noticed a large abomination
     8 | D:1      | Noticed an ice dragon
    10 | D:1      | Noticed an ice dragon
    12 | D:1      | Noticed a large abomination
    13 | D:1      | Noticed a large abomination
    14 | D:1      | Noticed a tentacled monstrosity
    16 | D:1      | Noticed a large abomination
    16 | D:1      | Noticed an iron dragon
    16 | D:1      | Noticed an iron dragon
    18 | D:1      | Noticed a red draconian
    18 | D:1      | Noticed a tentacled monstrosity
    20 | D:1      | Noticed a shadow dragon
   228 | D:1      | Slain by a leopard gecko

Illustrated notes

Levels and vault maps discovered:
D:1:      shiori_arrival_whats_in_store_for_you, layout_rooms, chequers_garden

Action                   || total
-------------------------++-------
Melee: Unarmed           ||    12
       Constrict         ||     3
       Tentacles         ||     2
 Cast: Freeze            ||     5
Armor: Skin              ||     3
Dodge: Dodged            ||    21

Table legend: (Time is in decaauts)
 A = Elapsed time spent in this place.
 B = Non-inter-level travel time spent in this place.
 C = Inter-level travel time spent in this place.
 D = Time resting spent in this place.
 E = Time spent auto-exploring this place.
 F = Levels seen in this place.
 G = Mean time per level.
                   A        B        C        D        E       F      G
               +--------+--------+--------+--------+--------+-----+--------+
         Total |    228 |    228 |      0 |      0 |    172 |   1 |  228.0 |
       Dungeon |    228 |    228 |      0 |      0 |    172 |   1 |  228.0 |
               +--------+--------+--------+--------+--------+-----+--------+

Top non-repeatable levels by time:
     D:1: 228 daAuts
